 Dungeon Crawl Stone Soup version 0.20-a0-277-g7db01f4 (webtiles) character file.

62101 Dharzhak the Severer (level 14, -9/126 HPs)
             Began as a Minotaur Fighter on Dec 11, 2016.
             Was an Initiate of Gozag.
             Mangled by a manticore (12 damage)
             ... summoned by Kirke
             ... on level 5 of the Lair of Beasts.
             The game lasted 01:46:13 (22529 turns).

Dharzhak the Severer (Minotaur Fighter)            Turns: 22529, Time: 01:46:16

Health: -9/126     AC:  0    Str: 23    XL:     14   Next: 63%
Magic:  0/18       EV: 16    Int:  5    God:    Gozag
Gold:   4857       SH:  0    Dex: 13    Spells: 1/13 levels left

rFire  . . .     SeeInvis .     (weapon currently unavailable)
rCold  . . .     Gourm    .     (armour currently unavailable)
rNeg   . . .     Faith    .     (shield currently unavailable)
rPois  .         Spirit   +     (helmet currently unavailable)
rElec  .         Reflect  .     (cloak currently unavailable)
rCorr  .         Harm     .     (gloves currently unavailable)
MR     +....                    (boots currently unavailable)
Stlth  +.........               K - amulet of guardian spirit
                                (ring currently unavailable)
                                (ring currently unavailable)

@: pig-form, slowed
A: (retaliatory headbutt), (horns 0)
a: Potion Petition, Call Merchant, Bribe Branch, Renounce Religion


You were on level 5 of the Lair of Beasts.
You worshipped Gozag.
Gozag was most pleased with you.
You were not hungry.
You were a filthy swine.
You visited 4 branches of the dungeon, and saw 20 of its levels.
You also visited: Labyrinth, Ice Cave and Volcano.

You collected 7173 gold pieces.
You spent 2229 gold pieces at shops.
You paid 87 gold pieces to Gozag.

Inventory:

Hand Weapons
 b - a +5 flail of holy wrath
 i - the +0 scythe of Eplenn {flame, +Blink +Fly rC+ Dex+6}
   (You found it on level 11 of the Dungeon)

   It has been specially enchanted to burn those struck by it, causing extra
   injury to most foes and up to half again as much damage against particularly
   susceptible opponents.
   Big, fiery blades are also staple armaments of hydra-hunters.
   It affects your dexterity (+6).
   It protects you from cold.
   It lets you fly.
   It lets you blink.
 I - a +4 broad axe of draining (melded)
 P - a +2 eveningstar of draining
Missiles
 J - 35 tomahawks (quivered)
 S - 5 silver tomahawks
Armour
 a - a +1 pair of boots (melded)
 c - a +0 shield (melded)
 f - a +2 hat (melded)
 n - a +0 plate armour of poison resistance
 A - a +2 pair of gloves of dexterity
 E - a +2 cloak of invisibility (melded)
 T - a +5 plate armour of fire resistance (melded)
 Z - a +0 pair of gloves of dexterity (melded)
Jewellery
 e - a +4 ring of evasion (melded)
 h - a +5 ring of evasion (melded)
 q - an uncursed amulet of regeneration
 H - the amulet of the Four Winds {rN+ MR+++ Clar}
   (You bought it in a shop on level 2 of the Orcish Mines)

   [amulet of nothing]

   It protects you from negative energy.
   It affects your resistance to hostile enchantments.
   It protects you against confusion.
 K - an amulet of guardian spirit (around neck)
 R - an uncursed ring of protection from fire
 U - an uncursed ring of positive energy
 W - the ring "Dunk" {Ice MR+}
   (You found it on level 2 of the Lair of Beasts)

   [ring of ice]

   It enhances your ice magic.
   It makes you vulnerable to fire.
   It protects you from cold.
   It affects your resistance to hostile enchantments.
 X - an uncursed ring of poison resistance
Wands
 l - a wand of polymorph (5/24)
 m - a wand of disintegration (11/24)
 w - a wand of teleportation (3/9)
Scrolls
 g - 7 scrolls of remove curse
 j - a scroll of fear
 y - a scroll of teleportation
 C - 3 scrolls of immolation
 L - 2 scrolls of torment
 Y - 2 scrolls of brand weapon
Potions
 d - 2 potions of heal wounds
 r - 4 potions of agility
 s - 4 potions of brilliance
 t - 5 potions of curing
 u - a potion of resistance {unknown}
 v - 6 potions of flight
 x - 2 potions of magic
 z - 2 potions of haste
 D - a potion of berserk rage {unknown}
 F - 4 potions of might
 N - a potion of ambrosia {unknown}
 Q - a potion of mutation {unknown}
Books
 k - a book of Callings

   Spells                             Type                      Level
   a - Summon Small Mammal            Summoning                    1
   b - Call Imp                       Summoning                    2
   c - Call Canine Familiar           Summoning                    3
   d - Summon Guardian Golem          Hexes/Summoning              3
   e - Summon Lightning Spire         Summoning/Air                4
   f - Summon Ice Beast               Ice/Summoning                4
 O - a book of Changes

   Spells                             Type                      Level
   a - Beastly Appendage              Transmutation                1
   b - Sticks to Snakes               Transmutation                2
   c - Spider Form                    Transmutation/Poison         3
   d - Ice Form                       Ice/Transmutation            4
   e - Blade Hands                    Transmutation                5
Comestibles
 o - 17 meat rations
 p - 32 fruits
 B - 3 beef jerkies
 G - 7 bread rations


   Skills:
 + Level 12.0 Fighting
 + Level 15.7(17.0) Axes
 + Level 12.0(15.2) Maces & Flails
 + Level 11.7 Armour
 + Level 4.0 Dodging
 + Level 14.2 Shields
 * Level 7.3 Evocations


You had one spell level left.
You knew the following spells:

 Your Spells              Type           Power        Failure   Level  Hunger
a - Repel Missiles        Chrm/Air       #.....       80%         2    ###....
b - Blink                 Tloc           N/A          80%         2    ###....
c - Beastly Appendage     Tmut           #.....       56%         1    ##.....
d - Sticks to Snakes      Tmut           #.......     80%         2    ###....
e - Blade Hands           Tmut           #.........   100%        5    ######.


Dungeon Overview and Level Annotations

Branches:
Dungeon (12/15)            Temple (1/1) D:6            Lair (5/6) D:9
 Shoals (0/4) Lair:4        Snake (0/4) Lair:2        Slime (0/5) Lair:5
    Orc (2/2) D:12            Elf (0/3) Orc:2

Altars:
Ashenzari
Cheibriados
Dithmenos
Elyvilon
Fedhas
Gozag
Hepliaklqana
Kikubaaqudgha
Makhleb
Nemelex Xobeh
Okawaru
Qazlal
Ru
Sif Muna
Trog
Uskayaw
Vehumet
Xom
Yredelemnul
Zin
The Shining One
Beogh

Shops:
D:4 [=((   Orc:2 :=

Annotations:
D:5 Dowan
Lair:5 exclusion: 5 oklob plants, Kirke


Innate Abilities, Weirdness & Mutations

((You reflexively headbutt those who attack you in melee.))
((You have a pair of horns on your head.))


Message History

* * * LOW HITPOINT WARNING * * *
The harpy claws you!
* * * LOW HITPOINT WARNING * * *
The harpy barely misses you. Kirke gestures at you while chanting.
You feel a momentary urge to oink.
You feel much better. The harpy closely misses you. The harpy misses you.
The harpy claws you!
* * * LOW HITPOINT WARNING * * *
The harpy claws you.
* * * LOW HITPOINT WARNING * * *
The harpy closely misses you. x2; The hog closely misses you.
The hog misses you. The manticore bites you.
* * * LOW HITPOINT WARNING * * *
The manticore closely misses you. x2; Kirke hits you!
* * * LOW HITPOINT WARNING * * *
The hog barely misses you. The harpy closely misses you. The harpy misses you.
The hog misses you. The manticore bites you!
You die...
Your body crumbles into a pile of gold.

#....#..#......
##[............. $
##..........P..........
##......................
........................
...........(.........^..
.......@H..%............
.......hH$..............
......hh?...............
........................
........H.........=.....
........................
......................P.
..............P..$....P.
........................
.....................


You could see Kirke, a manticore, 2 harpies and 2 hogs.

Vanquished Creatures
  A stone giant (Volcano)
  A white draconian (IceCv)
  A minotaur (Lab)
  Josephine (Lair:5)
  Erolcha (D:12)
  Fannar (D:10)
  2 hydras
  Harold (D:10)
  2 centaur warriors
  Erica (Lair:1)
  A death knight (D:12)
  A death yak (IceCv)
  Urug (Lair:3)
  An orc high priest (Orc:2)
  A deep elf knight (D:11)
  3 hill giants
  2 deep elf magi (Orc:1)
  4 orc knights
  An ugly thing (D:11)
  An orc sorcerer (Orc:1)
  A cyclops (D:12)
  An oklob plant (Lair:3)
  5 elephants (Lair:4)
  A manticore (D:12)
  An ice statue (IceCv)
  Psyche (D:10)
  4 black mambas
  8 spiny frogs
  3 gargoyles (Volcano)
  A rime drake (IceCv)
  A komodo dragon (Lair:4)
  An efreet (Volcano)
  16 polar bears (IceCv)
  3 slime creatures (D:12)
  8 trolls
  3 two-headed ogres
  12 blink frogs
  A hornet (D:10)
  Prince Ribbit (D:8)
  6 hippogriffs
  2 wyverns
  55 yaks
  2 fire bats (Volcano)
  3 wraiths (Lair:5)
  4 hogs
  A human (D:7)
  A hungry ghost (D:10)
  A basilisk (D:11)
  4 wargs
  A soldier ant (D:11)
  3 nagas (Lair:2)
  Duvessa (D:5)
  2 water moccasins
  7 porcupines
  A swamp drake (Orc:1)
  3 black bears
  49 orc warriors
  3 ice beasts
  3 sky beasts
  2 phantoms
  The ghost of Papayamessiah the Skirmisher, an amateur DrFi (D:3)
  15 wolves
  16 ogres
  11 centaurs
  7 crocodiles
  6 big kobolds
  13 bullfrogs
  A wyvern zombie (D:7)
  3 earth elementals (Volcano)
  3 gnoll sergeants
  5 scorpions
  A wyvern skeleton (D:9)
  11 killer bees
  6 electric eels (Lair:1)
  5 howler monkeys
  7 lava snakes (Volcano)
  4 crimson imps
  A bullfrog zombie (D:11)
  3 centaur skeletons
  A quasit (D:10)
  23 orc priests
  2 bullfrog skeletons
  A gnoll shaman (D:9)
  3 hounds
  An iron imp (Orc:1)
  15 orc wizards
  6 iguanas
  7 worker ants
  A hound zombie (D:7)
  Robin (D:3)
  A howler monkey zombie (D:11)
  3 worker ant zombies
  22 gnolls
  22 adders
  4 shadow imps
  13 white imps
  An ooze (D:6)
  An adder zombie (D:5)
  An adder skeleton (D:4)
  A worm (D:3)
  3 dart slugs
  3 leopard geckos
  84 orcs
  5 giant cockroaches
  13 goblins
  13 hobgoblins
  9 jackals
  8 quokkas
  11 bats
  3 frilled lizards
  12 kobolds
  A quokka zombie (D:5)
  6 rats
  2 fungi
  2 plants
678 creatures vanquished.

Vanquished Creatures (others)
  An orc wizard (Orc:1)
  A bush (Lair:4)
  4 fungi (D:9)
  4 plants
10 creatures vanquished.

Grand Total: 688 creatures vanquished

Notes
Turn   | Place    | Note
-------+----------+-------------------------------------------
     0 | D:1      | Dharzhak the Minotaur Fighter began the quest for the Orb.
     0 | D:1      | Reached XP level 1. HP: 19/19 MP: 0/0
   211 | D:1      | Reached XP level 2. HP: 27/27 MP: 1/1
   783 | D:2      | Reached skill level 3 in Axes
   783 | D:2      | Reached XP level 3. HP: 22/33 MP: 2/2
  1083 | D:2      | Reached XP level 4. HP: 40/40 MP: 3/3
  1247 | D:2      | Found a bloodstained altar of Trog.
  1505 | D:3      | Reached skill level 4 in Axes
  1505 | D:3      | Reached XP level 5. HP: 41/47 MP: 4/4
  1511 | D:3      | Noticed Papayamessiah's ghost (amateur DrFi)
  1525 | D:3      | Reached skill level 5 in Shields
  1915 | D:3      | Found a sacrificial altar of Ru.
  1929 | D:3      | Killed Papayamessiah's ghost
  1929 | D:3      | Reached skill level 5 in Armour
  1929 | D:3      | Reached XP level 6. HP: 53/53 MP: 5/5
  2010 | D:3      | Reached skill level 5 in Axes
  2080 | D:3      | Noticed Robin
  2348 | D:3      | Killed Robin
  2562 | D:4      | Found Deonuimi's Antique Weapon Shoppe.
  2648 | D:4      | Found Tan Guan's Armour Shop.
  2718 | D:4      | Found Zipuset's Weapon Boutique.
  2848 | D:4      | Reached skill level 1 in Dodging
  2857 | D:4      | Found Ymaa's Jewellery Emporium.
  2987 | D:4      | Reached skill level 5 in Fighting
  2987 | D:4      | Reached skill level 6 in Axes
  2987 | D:4      | Reached XP level 7. HP: 61/61 MP: 6/6
  3143 | D:5      | Entered Level 5 of the Dungeon
  3213 | D:5      | Found a basalt altar of Yredelemnul.
  3420 | D:5      | Reached skill level 7 in Axes
  3515 | D:5      | Noticed Duvessa
  3515 | D:5      | Noticed Dowan
  3520 | D:5      | Killed Duvessa
  3697 | D:5      | Found an iron altar of Okawaru.
  3730 | D:5      | Reached XP level 8. HP: 54/69 MP: 7/7
  4133 | D:6      | Found a staircase to the Ecumenical Temple.
  4133 | D:6      | Found a glowing silver altar of Zin.
  4154 | Temple   | Entered the Ecumenical Temple
  4190 | Temple   | Became a worshipper of Gozag Ym Sagoz the Greedy
  4416 | D:6      | Reached skill level 8 in Axes
  5297 | D:7      | Reached skill level 9 in Axes
  5752 | D:7      | Reached XP level 9. HP: 75/75 MP: 8/8
  5820 | D:7      | Reached skill level 10 in Axes
  6118 | D:7      | Got a faintly humming buckler
  6129 | D:7      | Identified the cursed +0 buckler "Qute Nobb" {rC+ Str+5 Slay-4 Stlth+} (You found it on level 7 of the Dungeon)
  6181 | D:7      | Found a burning altar of Makhleb.
  6181 | D:7      | Found a glowing golden altar of the Shining One.
  6476 | D:4      | Bought a smoking flail for 212 gold pieces
  6476 | D:4      | Identified the +4 flail of the Swamp {protect, *Drain rC+++ rN+ Dex-2} (You bought it in a shop on level 4 of the Dungeon)
  6578 | D:8      | Noticed Prince Ribbit
  6584 | D:8      | Killed Prince Ribbit
  6700 | D:8      | Reached skill level 11 in Axes
  6726 | D:8      | Found a shattered altar of Ashenzari.
  6731 | D:8      | Reached skill level 1 in Maces & Flails
  6958 | D:8      | Reached XP level 10. HP: 26/86 MP: 4/9
  7696 | D:9      | Found a staircase to the Lair.
  7712 | D:9      | Reached skill level 5 in Maces & Flails
  7981 | D:9      | Found a stormy altar of Qazlal.
  8649 | D:4      | Bought a +2 plate armour of fire resistance for 480 gold pieces
  8649 | D:4      | Bought a +0 pair of boots for 54 gold pieces
  8800 | D:10     | Entered Level 10 of the Dungeon
  8811 | D:10     | Noticed Psyche
  8822 | D:10     | Killed Psyche
  9103 | D:10     | Noticed Fannar
  9155 | D:10     | Killed Fannar
  9155 | D:10     | Reached skill level 10 in Shields
  9155 | D:10     | Reached XP level 11. HP: 94/94 MP: 10/10
  9299 | D:10     | Noticed Harold
  9310 | D:10     | Killed Harold
  9329 | D:10     | Noticed a hill giant
  9337 | D:10     | Killed a hill giant
  9848 | D:11     | Reached skill level 10 in Maces & Flails
  9849 | D:11     | Found a basalt altar of Yredelemnul.
  9895 | D:11     | Found a labyrinth entrance.
  9932 | Lab      | Entered a labyrinth
 10084 | Lab      | Noticed a minotaur
 10094 | Lab      | Killed a minotaur
 10101 | Lab      | Identified the Tome of the Glacier and Dark Arts
 10309 | D:11     | Noticed a cyan ugly thing
 10324 | D:11     | Killed a cyan ugly thing
 10707 | D:11     | Noticed a centaur warrior
 10707 | D:11     | Noticed a deep elf knight
 10728 | D:11     | Killed a centaur warrior
 10734 | D:11     | Killed a deep elf knight
 10947 | D:11     | Noticed an orc knight
 10980 | D:11     | Killed an orc knight
 10986 | D:11     | Reached XP level 12. HP: 52/104 MP: 7/11
 11192 | D:11     | Found an iron altar of Okawaru.
 11207 | D:11     | Got a pitted scythe
 11217 | D:11     | Identified the cursed +0 scythe of Eplenn {flame, +Blink +Fly rC+ Dex+6} (You found it on level 11 of the Dungeon)
 11657 | D:11     | Reached skill level 1 in Evocations
 12012 | D:12     | Reached skill level 10 in Armour
 12072 | D:12     | Noticed a death knight
 12084 | D:12     | Killed a death knight
 12413 | D:12     | Noticed Erolcha
 12424 | D:12     | Killed Erolcha
 12810 | D:12     | Reached skill level 12 in Axes
 12847 | D:12     | Found a staircase to the Orcish Mines.
 13233 | D:12     | Reached skill level 10 in Fighting
 13402 | Orc:1    | Entered Level 1 of the Orcish Mines
 13751 | Orc:1    | Reached skill level 13 in Axes
 14365 | Orc:2    | Entered Level 2 of the Orcish Mines
 14500 | Orc:2    | Found a dark tunnel.
 14526 | Volcano  | Entered a volcano
 14995 | Volcano  | Found a burning altar of Makhleb.
 15006 | Volcano  | Reached XP level 13. HP: 65/113 MP: 7/15
 15024 | Volcano  | Noticed a stone giant
 15032 | Volcano  | Killed a stone giant
 15328 | Volcano  | Learned a level 2 spell: Repel Missiles
 15334 | Volcano  | Learned a level 2 spell: Blink
 16076 | Orc:2    | Reached skill level 5 in Evocations
 16077 | Orc:2    | Found a staircase to the Elven Halls.
 16177 | Orc:2    | Reached skill level 14 in Axes
 16304 | Orc:2    | Found a roughly hewn altar of Beogh.
 16601 | Orc:2    | Found Vuast's Food Shop.
 16601 | Orc:2    | Found Paamacota's Book Shoppe.
 16603 | Orc:2    | Found Lidykh's Jewellery Emporium.
 16605 | Orc:2    | Found Ohagrat's Food Boutique.
 16609 | Orc:2    | Bought a beef jerky for 16 gold pieces
 16609 | Orc:2    | Bought a bread ration for 55 gold pieces
 16609 | Orc:2    | Bought a meat ration for 55 gold pieces
 16609 | Orc:2    | Bought a beef jerky for 16 gold pieces
 16609 | Orc:2    | Bought a meat ration for 55 gold pieces
 16609 | Orc:2    | Bought a slice of pizza for 16 gold pieces
 16609 | Orc:2    | Bought a bread ration for 55 gold pieces
 16609 | Orc:2    | Bought a slice of pizza for 16 gold pieces
 16609 | Orc:2    | Bought a bread ration for 55 gold pieces
 16609 | Orc:2    | Bought a bread ration for 55 gold pieces
 16609 | Orc:2    | Bought 4 fruits for 66 gold pieces
 16614 | Orc:2    | Bought the amulet of the Four Winds {rN+ MR+++ Clar} for 418 gold pieces
 16624 | Orc:2    | Bought a slice of pizza for 15 gold pieces
 16624 | Orc:2    | Bought a meat ration for 50 gold pieces
 16624 | Orc:2    | Bought a meat ration for 50 gold pieces
 16624 | Orc:2    | Bought a meat ration for 50 gold pieces
 16624 | Orc:2    | Bought 5 fruits for 75 gold pieces
 16624 | Orc:2    | Bought 4 fruits for 60 gold pieces
 16624 | Orc:2    | Bought a beef jerky for 15 gold pieces
 16624 | Orc:2    | Bought a bread ration for 50 gold pieces
 16624 | Orc:2    | Bought a meat ration for 50 gold pieces
 16624 | Orc:2    | Bought 5 fruits for 75 gold pieces
 16624 | Orc:2    | Bought a bread ration for 50 gold pieces
 16624 | Orc:2    | Bought a bread ration for 50 gold pieces
 16624 | Orc:2    | Bought a slice of pizza for 15 gold pieces
 16819 | Lair:1   | Entered Level 1 of the Lair of Beasts
 16819 | Lair:1   | Found a frozen archway.
 16857 | IceCv    | Entered an ice cave
 17430 | IceCv    | Noticed a white draconian
 17479 | IceCv    | Killed a white draconian
 18675 | Lair:1   | Noticed Erica
 18697 | Lair:1   | Killed Erica
 18697 | Lair:1   | Reached XP level 14. HP: 87/124 MP: 14/17
 19617 | Lair:2   | Found a staircase to the Snake Pit.
 19641 | Lair:2   | Got a bound tin ring
 19643 | Lair:2   | Identified the ring "Dunk" {Ice MR+} (You found it on level 2 of the Lair of Beasts)
 20035 | Lair:3   | Reached skill level 15 in Axes
 20343 | Lair:3   | Noticed Urug
 20355 | Lair:3   | Killed Urug
 21056 | Lair:4   | Found a staircase to the Shoals.
 21841 | Lair:5   | Found a staircase to the Slime Pits.
 22153 | Lair:5   | Noticed Josephine
 22164 | Lair:5   | Killed Josephine
 22196 | Lair:5   | Learned a level 1 spell: Beastly Appendage
 22199 | Lair:5   | Learned a level 2 spell: Sticks to Snakes
 22205 | Lair:5   | Learned a level 5 spell: Blade Hands
 22244 | Lair:5   | Identified a scroll of acquirement
 22517 | Lair:5   | Noticed Kirke
 22528 | Lair:5   | HP: 6/126 [harpy[Kirke] (13)]
 22529 | Lair:5   | Mangled by a manticore

Vault maps used:
D:1:      dpeg_arrival_solitude
D:2:      lightli_temple_of_fire, first_bread, minivault_27
D:3:      nicolae_ru_great_annihilating_truth, uniq_robin
D:4:      serial_shops, shop, shop, nicolae_shop_trees,
          nicolae_shop_window_shopping
D:5:      kennysheep_little_box, overflow_temple_1_default, uniq_duvessa
D:6:      overflow_temple_1_default
D:7:      gammafunk_temple_overflow_pools, grunt_livestock
D:8:      evilmike_ruin_ashenzari, uniq_prince_ribbit1
D:9:      lemuel_round_altar, due_lair_maze_entry_diamond
D:10:     uniq_fannar, uniq_psyche, uniq_harold
D:11:     evilmike_iron_armoury, basic_altar, lab_entry_generic
D:12:     kennysheep_orc_monster_closet_entryway, special_room, uniq_erolcha
Temple:   minmay_temple_bridge_abc
Lair:1:   portal_ice_cave_entry_imps, serial_bayou, serial_bayou_ford_a,
          serial_bayou_pond_d, serial_bayou_lake_a, serial_bayou_pond_a,
          serial_bayou_lagoon_b, uniq_erica
Lair:2:   minmay_snake_entry_guardpost_small, cheibrodos_lair_caveside_slide
Lair:3:   uniq_urug
Lair:4:   elwin_shoals_entry_rocks
Lair:5:   minmay_slime_entry_oklob_open, serial_bayou_shore_b, uniq_kirke,
          uniq_josephine
Orc:1:    hangedman_minor_magic
Orc:2:    st_orc_rangers, enter_volcano_1, minmay_orc_temple_c
Lab:      nicolae_lab_garden
IceCv:    ice_cave_caverns_01
Volcano:  volcano_lake

Skill      XL: |  1  2  3  4  5  6  7  8  9 10 11 12 13 14 |
---------------+-------------------------------------------+-----
Fighting       | 4 5 6 7 8 9 10 11 12 | 12.0
Axes           | 3 4 6 7 9 11 13 14 15 | 15.7
Shields        | 4 5 6 7 8 10 11 12 13 14 | 14.2
Armour         | 4 5 7 8 9 10 11 | 11.7
Dodging        | 1 2 3 4 |  4.0
Maces & Flails | 3 8 11 12 | 12.0
Evocations     | 4 6 7 |  7.3

Action                   |  1- 3 |  4- 6 |  7- 9 | 10-12 | 13-15 || total
-------------------------+-------+-------+-------+-------+-------++-------
Melee: War axe           |    59 |   167 |   246 |       |       ||   472
       Headbutt          |    10 |    24 |    63 |   175 |   214 ||   486
       Flail             |       |       |    66 |   521 |   164 ||   751
       Broad axe         |       |       |       |   311 |   552 ||   863
       Eveningstar       |       |       |       |       |    23 ||    23
       Unarmed           |       |       |       |       |     4 ||     4
Invok: Potion Petition   |       |       |       |       |     1 ||     1
Evoke: Wand              |       |       |       |     8 |       ||     8
  Use: Potion            |       |     1 |       |       |     3 ||     4
       Scroll            |       |       |    10 |     8 |    14 ||    32
 Stab: Paralysed         |       |     1 |       |       |       ||     1
       Distracted        |       |       |     2 |     4 |     7 ||    13
  Eat: Chunk             |     1 |     5 |     2 |       |       ||     8
       Pizza             |       |     1 |     1 |     2 |    10 ||    14
       Bread ration      |       |       |     1 |     5 |     3 ||     9
       Royal jelly       |       |       |     1 |       |       ||     1
       Beef jerky        |       |       |     2 |     1 |       ||     3
Armor: Chain mail        |    54 |    75 |    33 |       |       ||   162
       Plate armour      |       |       |    94 |   265 |   273 ||   632
Dodge: Dodged            |    45 |    93 |   144 |   501 |   544 ||  1327
Block: Shield            |    46 |   101 |   150 |   575 |   587 ||  1459
